Cogmind - Beta 15 @@@ ROGUE MODE // 2025.08.08 @ 19:59:24 Player: H3-RMN Result: Destroyed by 66-YY2(R) with Subdweller Shrapnel Launcher Performance ------------- Evolutions (0) 0 Regions Visited (3) 600 Robots Destroyed (27) 135 Value Destroyed (709) 709 Prototype IDs (0) 0 Alien Tech Used (0) 0 Bonus (0) 0 TOTAL SCORE: 1444 Bonus ------- None Cogmind --------- Core Integrity 0/250 Matter 264/300 Energy 66/100 System Corruption 0% Temperature Cool (0) Movement Rolling (230) Ox10 Location -10/Subcaves Parts ------- > --- POWER (1) -------- (None) > --- PROPULSION (2) --- Wheel Wheel > --- UTILITY (2) ------ Humpback > --- WEAPON (2) ------- Subdweller Laser Assault Rifle > --- INVENTORY (35) --- Subdweller Power Source Light Treads Flight Unit High-capacity Storage Unit Huge Storage Unit Humpback Subdweller Optics EM Pulse Gun EM Pulse Gun EM Pulse Gun Subdweller Laser Beam Cannon Assault Rifle Light Assault Rifle Light Assault Rifle Light Assault Rifle Grenade Launcher Grenade Launcher Mining Laser Multitool Hammer Peak State ------------ > --- POWER ------------ Subdweller Power Source > --- PROPULSION ------- Wheel Subdweller Monowheel > --- UTILITY ---------- Huge Storage Unit Subdweller Optics > --- WEAPON ----------- Heavy Riot Gun Assault Rifle > --- INVENTORY -------- Subdweller Power Source Light Treads Wheel Flight Unit Flight Unit Flight Unit High-capacity Storage Unit Humpback EM Pulse Gun EM Pulse Gun EM Pulse Gun Subdweller Laser Subdweller Laser Beam Cannon Assault Rifle Light Assault Rifle Light Assault Rifle Light Assault Rifle Subdweller Machine Gun Grenade Launcher Grenade Launcher Mining Laser Multitool Hammer [Rating: 16] Favorites ----------- Power Ion Engine Engine Ion Engine Propulsion Wheel Treads Light Treads Wheel Wheel Utility Improved Terrain Scanner Device Improved Terrain Scanner Storage Small Storage Unit Protection Light Armor Plating Weapon Assault Rifle Energy Gun Medium Laser Ballistic Gun Assault Rifle Launcher Grenade Launcher Impact Weapon Hammer Slashing Weapon Mining Claw Build | -11 -10 -10 -10 ------- Run | Yrd Mat Min Sub Slots Evolved . | . . . . Power . | . . . . Propulsion . | . . . . Utility . | . . . . Weapon . | . . . . Parts Attached 28 | 8 7 . 13 Power 3 | 1 1 . 1 Engine 3 | 1 1 . 1 Core . | . . . . Reactor . | . . . . Propulsion 7 | 3 . . 4 Treads 2 | 1 . . 1 Leg . | . . . . Wheel 5 | 2 . . 3 Hover . | . . . . Flight . | . . . . Utility 8 | 2 3 . 3 Device 3 | 1 . . 2 Storage 4 | 1 2 . 1 Processor . | . . . . Hackware . | . . . . Protection 1 | . 1 . . Artifact . | . . . . Weapon 10 | 2 3 . 5 Energy Gun 3 | 1 . . 2 Energy Cannon . | . . . . Ballistic Gun 4 | 1 1 . 2 Ballistic Cannon . | . . . . Launcher 1 | . 1 . . Special Weapon . | . . . . Impact Weapon 1 | . 1 . . Slashing Weapon 1 | . . . 1 Piercing Weapon . | . . . . Special Melee Weapon . | . . . . Unidentified Prototypes . | . . . . Parts Lost 9 | . 2 . 7 Power 3 | . 1 . 2 Propulsion 1 | . . . 1 Utility 2 | . 1 . 1 Weapon 3 | . . . 3 Highest Loss Streak 3 | . 2 . 3 To Critical Strikes . | . . . . Average Backups 13 | 3 16 24 24 Power . | . . . . Propulsion 3 | 1 4 6 5 Utility 1 | . 2 2 2 Weapon 7 | . 9 16 15 Tool/Special . | . . . . Unused Backups 20 | . . . 20 Power 1 | . . . 1 Propulsion 3 | . . . 3 Utility 2 | . . . 2 Weapon 13 | . . . 13 Tool/Special 1 | . . . 1 Average Slot Usage (%) 98 | . 97 100 98 Engine 13 | . 12 14 13 Treads 6 | . 14 14 2 Wheel 21 | . 14 14 25 Device 9 | . 6 . 11 Storage 14 | . 14 14 14 Protection 3 | . 7 14 1 Energy Gun 9 | . 14 14 8 Ballistic Gun 12 | . 13 . 13 Launcher 3 | . . 9 4 Peak Build Rating 16 | 9 10 9 16 Average Rating 10 | 8 9 9 12 On Entrance 6 | . 9 9 9 Naked Turns . | . . . . Heaviest Build 213 | 15 93 93 213 Greatest Support 30 | 20 10 10 30 Greatest Overweight (x) 10 | 1 9 9 10 Average Overweight (x) 5 | . 7 9 4 Largest Inventory Capacity 35 | 8 25 25 35 Average Capacity 16 | 7 24 25 25 Most Carried 25 | 4 25 25 25 Average Carried 13 | 3 17 24 24 Final Capacity 35 | 8 25 25 35 Final Carried 25 | 4 24 25 22 Class Distribution -------------------- 88% | Mutant 9% | Scavenger-Mutant Dominant Class ---------------- Mutant | -10/Materials Mutant | -10/Mines Mutant | -10/Subcaves Resources | -11 -10 -10 -10 ----------- Run | Yrd Mat Min Sub Matter Collected 866 | 237 231 . 398 Remotely . | . . . . Salvage Created 880 | 21 358 . 501 Parts 65 | 3 34 . 28 Haulers Intercepted 1 | . 1 . . Recyclers Shooed 1 | . 1 . . Parts Field Recycled . | . . . . Retrieved Matter . | . . . . Parts Self-Destructed 1 | . . . 1 Prevented . | . . . . Kills | -11 -10 -10 -10 ------- Run | Yrd Mat Min Sub Combat Hostiles Destroyed 24 | . 15 . 9 Guns 10 | . 6 . 4 AOE 14 | . 9 . 5 Classes Destroyed 7 | 1 4 . 2 Builder 1 | . 1 . . Tunneler 1 | 1 . . . Hauler 1 | . 1 . . Swarmer 8 | . 8 . . Grunt 8 | . 7 . 1 Artisan 1 | . . . 1 Subdweller 8 | . . . 8 Best Kill Streak 6 | 1 6 . 2 Combat Bots Only 5 | . 5 . 2 Max Kills in Single Turn 2 | 1 2 . 2 Gunslinging . | . . . . Exploded 2 | . 2 . 2 Melee . | . . . . Uniques/NPCs Destroyed . | . . . . Combat | -11 -10 -10 -10 -------- Run | Yrd Mat Min Sub Hostile Shots Fired 82 | . 52 . 30 Missed 23 | . 14 . 9 Hits 59 | . 38 . 21 Projectile 59 | . 38 . 21 AOE 6 | . . . 6 Critical Strikes 1 | . . . 1 Damage Taken 1328 | . 438 . 890 Core 256 | . 92 . 164 Absorbed by Shields . | . . . . Core Remaining (%) 100 | 100 . . . Volleys Fired 100 | 2 33 . 65 Largest 2 | 2 2 . 2 Hottest 90 | 70 70 . 90 Shots Fired 153 | 4 60 . 89 Gun 141 | 4 54 . 83 Cannon . | . . . . Launcher 12 | . 6 . 6 Special . | . . . . Kinetic 80 | 2 27 . 51 Thermal 37 | 2 27 . 8 Explosive 12 | . 6 . 6 Electromagnetic 24 | . . . 24 Robot Hit Streak 23 | 2 8 . 23 Robot Miss Streak 3 | 1 2 . 3 Penetration Max . | . . . . Secondary Targets 1 | . 1 . . Max Gunslinging Chain 1 | . 1 . . Shots Hit Robots 97 | 2 36 . 59 Core Hits 48 | 1 23 . 24 Critical Kills . | . . . . Critical Parts Destroyed . | . . . . Critical Strikes 1 | . 1 . . Burn 1 | . 1 . . Melee Attacks 17 | . 1 . 16 Impact 6 | . 1 . 5 Slashing 11 | . . . 11 Piercing . | . . . . Sneak Attacks 1 | . . . 1 Combat Hostiles . | . . . . Follow-up Attacks . | . . . . Damage Inflicted 2302 | 25 1038 . 1239 Guns 1382 | 25 487 . 870 Cannons . | . . . . Explosions 920 | . 551 . 369 Melee . | . . . . Ramming . | . . . . Kinetic 538 | 12 230 . 296 Thermal 403 | 13 257 . 133 Explosive 891 | . 551 . 340 Electromagnetic 470 | . . . 470 Impact . | . . . . Slashing . | . . . . Piercing . | . . . . Highest Corruption . | . . . . Average Corruption . | . . . . Corruption Purged . | . . . . Corruption Blocked . | . . . . Overload Shots . | . . . . Overflow Damage 36 | . 36 . . Projectiles . | . . . . Explosions 36 | . 36 . . Melee . | . . . . Knockbacks . | . . . . Impact . | . . . . Kinetic . | . . . . Secondary . | . . . . Self-Inflicted Damage 138 | . 43 . 95 Shots 6 | . 2 . 4 Rammed . | . . . . Targets Rammed . | . . . . Kicked . | . . . . Crushed . | . . . . Highest Temperature 123 | 18 123 . 4 Average Temperature 38 | 10 40 . 4 Received Heat Transfer 234 | . 162 . 72 Siege Activations . | . . . . Martial Activations . | . . . . Shielding Activations . | . . . . Robots Disrupted . | . . . . Combat Hostiles . | . . . . Robots Corrupted 2 | . . . 2 Combat Hostiles 2 | . . . 2 Parts Fried 5 | . . . 5 Impact Corruptions . | . . . . Robots Melted . | . . . . Combat Hostiles . | . . . . Parts Melted . | . . . . Heat Transferred 1026 | 37 814 . 175 Parts Sabotaged . | . . . . Parts Stolen . | . . . . Parts Stripped . | . . . . Power Chain Reactions 1 | . . . 1 Alert | -11 -10 -10 -10 ------- Run | Yrd Mat Min Sub Maximum Alert Level 1 | . 1 . . Low Security (%) 96 | 100 82 100 . Level 1 3 | . 17 . . Level 2 . | . . . . Level 3 . | . . . . Level 4 . | . . . . Level 5 . | . . . . High Security . | . . . . Max Security . | . . . . Peak Influence 243 | 5 243 60 . Initial 60 | . . 60 . Average 20 | . 97 33 . Influence Increases 454 | 5 429 . 20 Destroy 0b10 Robot/C 320 | . 300 . 20 Destroy 0b10 Robot/NC 15 | 5 10 . . Destroy Leader 52 | . 52 . . Successful Hack 19 | . 19 . . Disable Machine 15 | . 15 . . Destroy Structure 33 | . 33 . . Influence Decreases 454 | 5 273 156 20 Entered New Map 96 | . . 96 . Time Decay 338 | 5 253 60 20 Lost Part 20 | . 20 . . Squads Dispatched 1 | . 1 . . Investigation 1 | . 1 . . Extermination . | . . . . Reinforcement . | . . . . Assault . | . . . . Garrison . | . . . . Intercept . | . . . . Searches Triggered . | . . . . Construction Impeded . | . . . . Haulers Reinforced . | . . . . Active Scanning Responses . | . . . . Cargo Convoy Interrupts . | . . . . Stealth | -11 -10 -10 -10 --------- Run | Yrd Mat Min Sub Distress Signals 1 | . 1 . . Communications Jammed . | . . . . Distress Signals . | . . . . Times Spotted 32 | . 22 . 10 Peak Tracking Total 6 | . 6 . 2 Tactical Retreats . | . . . . Traps | -11 -10 -10 -10 ------- Run | Yrd Mat Min Sub Traps Triggered 4 | . 1 . 3 Indirectly . | . . . . Trap Hack Attempts . | . . . . Triggered . | . . . . Disarmed . | . . . . Reprogrammed . | . . . . Reused . | . . . . Traps Extracted . | . . . . Installed . | . . . . Triggered . | . . . . Machines | -11 -10 -10 -10 ---------- Run | Yrd Mat Min Sub Machines Disabled 1 | . 1 . . Max in Single Turn 1 | . 1 . . Machines Repaired . | . . . . Machines Dismantled . | . . . . Machines Sabotaged . | . . . . Overloaded Fab Kills . | . . . . Hacking | -11 -10 -10 -10 --------- Run | Yrd Mat Min Sub Machines Accessed 4 | . 4 . . Terminals 3 | . 3 . . Fabricators . | . . . . Repair Stations 1 | . 1 . . Recycling Units . | . . . . Scanalyzers . | . . . . Garrison Access . | . . . . Total Hacks 9 | . 9 . . Successful 4 | . 4 . . Failed 5 | . 5 . . Catastrophic 1 | . 1 . . Database Lockouts . | . . . . Manual 4 | . 4 . . Terminals 8 | . 8 . . Fabricators . | . . . . Repair Stations 1 | . 1 . . Recycling Units . | . . . . Scanalyzers . | . . . . Garrison Access . | . . . . Terminal Hacks 4 | . 4 . . Robot Schematic 1 | . 1 . . Robot Analysis 3 | . 3 . . Fabricator Hacks . | . . . . Repair Station Hacks . | . . . . Recycling Unit Hacks . | . . . . Scanalyzer . | . . . . Garrison Access Hacks . | . . . . Unauthorized Hacks . | . . . . Terminals . | . . . . Fabricators . | . . . . Repair Stations . | . . . . Recycling Units . | . . . . Scanalyzers . | . . . . Garrison Access . | . . . . Data Cores Recovered . | . . . . Used . | . . . . Hacking Detections 4 | . 4 . . Full Trace Events . | . . . . Feedback Events . | . . . . Feedback Blocked . | . . . . Robot Schematics Acquired 1 | . 1 . . Robots Built . | . . . . Authchips . | . . . . Time . | . . . . Total Robot Build Rating . | . . . . Part Schematics Acquired . | . . . . Parts Built . | . . . . Authchips . | . . . . Time . | . . . . Total Part Build Rating . | . . . . Parts Repaired . | . . . . Time . | . . . . Parts Recycled . | . . . . Recycled Matter . | . . . . Retrieved Matter . | . . . . Retrieved Components . | . . . . Parts Scanalyzed . | . . . . Part Schematics Acquired . | . . . . Parts Damaged . | . . . . Bothacking | -11 -10 -10 -10 ------------ Run | Yrd Mat Min Sub Used RIF Installer . | . . . . Robots Hacked . | . . . . Non-combat . | . . . . Combat . | . . . . Robot Hacks Applied . | . . . . Relay Couplers Released . | . . . . Fabnet Peak Effective % . | . . . . Robots Rewired . | . . . . Allies Hacked . | . . . . Hacks Repelled . | . . . . Allies | -11 -10 -10 -10 -------- Run | Yrd Mat Min Sub Total Allies 1 | . . 1 . Largest Group 1 | . . 1 1 Highest-Rated Group 31 | . . 31 31 Highest-Rated Ally 31 | . . 31 31 Total Orders . | . . . . Ally Attacks . | . . . . Total Damage . | . . . . Kills . | . . . . Allies Corrupted . | . . . . Allies Melted . | . . . . Intel | -11 -10 -10 -10 ------- Run | Yrd Mat Min Sub Active Infowar (turns) 3363 | 2631 308 . 424 Optics 424 | . . . 424 Terrain 2939 | 2631 308 . . Robot Analysis Total 3 | . 3 . . Derelict Logs Recovered . | . . . . Drone Launches . | . . . . Drone Recoveries . | . . . . Exploration | -11 -10 -10 -10 ------------- Run | Yrd Mat Min Sub Turns Passed 5461 | 2700 705 123 1933 Spaces Moved 1391 | 101 298 57 935 Core 2 | 2 . . . Treads . | . . . . Legs . | . . . . Wheels 1389 | 99 298 57 935 Hover . | . . . . Flight . | . . . . Fastest Speed 50 | 50 95 215 80 Average Speed 158 | 90 190 215 151 Slowest Speed 230 | 95 215 215 230 Overloaded Moves . | . . . . Propulsion Burnouts . | . . . . Robots Hopped . | . . . . Potential Cave-ins . | . . . . Cave-ins Triggered . | . . . . Exploration Rate (%) 34 | 12 62 18 46 Regions Visited 3 Branch Regions 2 Pre-discovered Areas . | . . . . Known Exits Taken . | . . . . Unknown Exits Taken 3 | 1 1 1 . Scrap Searched . | . . . . Spaces Dug 28 | . 19 . 9 Terrain Destroyed 67 | . 35 . 32 Melee 3 | . 1 . 2 Projectile 1 | . . . 1 AOE 63 | . 34 . 29 Terrain Rammed . | . . . . Walls Destroyed . | . . . . Machines Disabled . | . . . . Actions | -11 -10 -10 -10 --------- Run | Yrd Mat Min Sub Total 4455 | 2701 371 58 1325 Wait 2843 | 2587 7 . 249 Move 1388 | 100 297 56 935 Hop . | . . . . Pick Up 51 | 4 21 1 25 Fast Attach 13 | 7 . . 6 Attach 5 | . 2 . 3 Detach . | . . . . Swap 25 | 1 9 1 14 Drop 13 | . 1 . 12 Fire 100 | 2 33 . 65 Melee 17 | . 1 . 16 Ram . | . . . . Kick . | . . . . Crush . | . . . . Escape Stasis . | . . . . Rewire . | . . . . Trap . | . . . . Miscellaneous . | . . . . Route ------- -11/Scrapyard -10/Materials (discovered 3 exits: [*Mat x2] / [*Min]) -10/Mines (discovered 2 exits: [*Mat] / [*Sub]) -10/Subcaves History --------- Turn | Location | Event 31 | -11/Scrapyard | Discovered new exit (range 16) 2701 | -11/Scrapyard | Entered Materials 2702 | -10/Materials | Build established: Mutant 2907 | -10/Materials | Discovered new exit (range 12) 3107 | -10/Materials | Discovered new exit (range 15) 3378 | -10/Materials | Discovered new exit (range 12) 3406 | -10/Materials | Entered Mines 3409 | -10/Mines | Received a Mining Laser from a helpful Derelict 3439 | -10/Mines | Discovered new exit (range 16) 3452 | -10/Mines | Discovered new exit (range 8) 3487 | -10/Mines | Assembled infested the area 3529 | -10/Mines | Entered Subcaves 3529 | -10/Subcaves | Accompanied by 1 ally 3530 | -10/Subcaves | Approached by a straggling Scientist 3758 | -10/Subcaves | Core integrity fell below 50% 4964 | -10/Subcaves | Shifting Twisted Machinery released Piercing Trap 5161 | -10/Subcaves | Build established: Scavenger-Mutant 5455 | -10/Subcaves | Ambushed by Subdweller buried in earth 5462 | -10/Subcaves | Destroyed by 66-YY2(R) with Subdweller Shrapnel Launcher Last Messages --------------- 05394_ Acquired Hammer. 05395_ Subatomizers dissect the Corrupted Sub. Optics. 05397_ Acquired EM Pulse Gun. 05401_ Acquired Lgt. Assault Rifle. 05404_ Acquired EM Pulse Gun. 05407_ Subatomizers dissect the Corrupted Sub. Optics. 05407_ Acquired Flight Unit. 05413_ Acquired EM Pulse Gun. 05416_ Acquired Broken Sub. Optics. 05420_ Acquired Huge Storage Unit. 05423_ Acquired Lgt. Assault Rifle. 05426_ Acquired Sub. Laser. 05428_ Hvy. Riot Gun destroyed. 05429_ Acquired Grenade Launcher. 05433_ Acquired Assault Rifle. 05436_ Sub. Machine Gun destroyed. 05445_ Acquired Assault Rifle. 05455_ Broken Sub. Power Source destroyed. 05456_ 66-YY2(R): "ARGHSUB!" 05461_ JA-XLF(R) destroyed. Map ----- +----------------------------------------------------+ | ?????????????????????#####" #?????????? | | ?????????????????????????### # ##?????????? | | ???????????????????????????#### ##??????????? | | ??????????????????????????????###" "#???????????? | | ???????????????????????????????### "#???????????? | | ???????????????????????????????# #???????????? | | ???????????????????????????????# #???????????? | | ???????????????????????????????# ##???????????? | | ????????????????????##????????## ##???????????? | | ???????????????????# ???????## #???????????? | | ?????????????????? ??????## # ####????????? | | ??????????????????# ?????## ## #??####### | | ??????????????????#" ?????# ## ##?## ## # | | ??????????????????" #?????# ## ##?## | | ???????????????#??# #?????# ### #??# | | ??????????????#"### #????## ### #### ## | | ??????????????# # ????#" #?# """## | | ??????????????#"" # ##???# ### | | ??????????????#""""" #?### ### """" " | | ?????????????## """ #?# #?# "##"### ##" | | ?????????????# ### #?# ####?##### | | ?????????????# * # #?# "#??????# " | | ????????????### %! ## """?????#" | | ?# ??????####<< ; [ ### "?? | | ## & #?# "#### # | | <& @ ### """#??#### | | ????## !% "" #????? | | ?????### * %! "" #???? | | ???????### # R ## """ #???? | | ?????????###### # ###"##" " ###???? | | ??????????????# ###?##?#########?????? | | ??????????????# ##????????????????????? | | ??????????????## ####?????????????????????? | | ???????????????##### ?????????????????????????? | | ???????????????????#####?????????????????????????? | | ?????????????????????????????????????????????????? | | ?????????????????????????????????????????????????? | | ?????????????????????????????????????????????????? | | ?????????????????????????????????????????????????? | | ?????????????????????????????????????????????????? | | ?????????????????????????????????????????????????? | | ?????????????????????????????????????????????????? | | ?????????????????????????????????????????????????? | | ?????????????????????????????????????????????????? | | ?????????????????????????????????????????????????? | | | | | | | | | | | +----------------------------------------------------+ Best States ------------- Heat Dissipation 25 Coolant Potential 50 Energy Generation 15 Energy Capacity 250 Matter Stores 300 Matter Capacity 300 Sight Range 21 Terrain Scan Range 16 Terrain Scan Density 10 Armor Coverage 150 Evasion (%) 44 Recoil Reduction 1 Item Schematics ----------------- None Robot Schematics ------------------ M-13 Machinist | -10/Materials | Hacked Fabricated ------------ Nothing Repaired ---------- Nothing Alien Tech Used ----------------- None Achievements -------------- None Challenges ------------ None Game ------ Seed BombardmentShadingDriver Manual? 0 Play Time 00:22:22 Cumulative 771.0 hours Start 2025.08.08 @ 19:37:08 End 2025.08.08 @ 19:59:24 Sessions 1 Manual Loads 0 Difficulty Rogue Special Mode None Game No. 294 Rogue 290 Adventurer 4 Explorer 0 Win Type - Total 12 Types 7/1/1/1/0/1/0/0/0/1 Lore% 94 Gallery% 89 Achievement% 87 Wizard Run 0 Options --------- Layout 0 ASCII 0 Keyboard 0 Movement Numpad Keybinds 0 Fullscreen 2 Font 18/CogNarrow Map View 76x50 Zoom Use 0% Tactical HUD 1 Map Filters NONE Filters NONE Steam 1 RUN: cb217d66-c893-46da-b853-d6e3b0927252